Penguins vs Bruins
Created - 15 mars 2015 at 19:20
Goals
|
Penguins |
0 |
2 |
2 |
4 |
Bruins |
1 |
0 |
2 |
3 |
|
Shots
|
Penguins |
5 |
10 |
7 |
22 |
Bruins |
5 |
10 |
19 |
34 |
|
1st period
1. Bruins , Matt Hendricks 6 (Andrew Alberts, Matt Cooke) at 16:21
Penalties :
Luke Schenn (Pit) for Cross-checking (Minor) at 4:41
2nd period
2. Penguins , Steven Stamkos 22 (Peter Forsberg) at 5:38
3. Penguins , Simon Gagné 29 (Peter Forsberg, Paul Ranger) at 14:58
Penalties :
Nathan Horton (Pit) for Hooking (Minor) at 15:55, Dustin Penner (Pit) for Tripping (Minor) at 19:06
3rd period
4. Penguins , Ryan Kesler 28 (Dustin Penner, Jay McKee) at 4:36
5. Penguins , Ryan Kesler 29 (Dustin Penner) at 11:29
6. Bruins , Wojtek Wolski 39 (Ryan O'Byrne) at 15:47
7. Bruins , Victor Oreskovich 8 (Eric Lindros) at 19:21 (PP)
Penalties :
Dustin Penner (Pit) for Hooking (Minor) at 5:31, Brian McGrattan (Pit) for Hooking (Minor) at 8:04, Denis Arkhipov (Pit) for Slashing (Minor) at 17:50
Goalie Stats
Brian Elliott (Pit), 31 saves from 34 shots - (0,912), W, 35-19-7, 60:00 minutes
Karri Ramo (Bos), 18 saves from 22 shots - (0,818), L, 7-8-1, 59:47 minutes
Players Stats for Penguins
Player Name G A P +/- PIM S H SB GA TA FO MP PP MP PK MP
------------------------------------------------------------------------------------
Bobby Ryan 0 0 0 2 0 1 0 0 0 1 0/0 14:36 0:00 0:00
Brent Sopel 0 0 0 2 0 0 0 1 1 0 0/0 19:56 0:00 4:13
Brian McGrattan 0 0 0 0 2 1 2 0 0 0 0/1 13:21 0:00 1:06
Brooks Orpik 0 0 0 0 0 1 2 4 0 1 0/0 28:12 0:00 7:13
Denis Arkhipov 0 0 0 0 2 2 0 1 0 0 7/11 13:26 0:00 0:35
Dennis Seidenberg 0 0 0 0 0 1 0 2 0 1 0/0 11:52 0:00 0:00
Dustin Penner 0 2 2 2 4 4 1 0 0 2 0/1 16:08 0:00 0:56
Jay McKee 0 1 1 0 0 2 1 4 0 1 0/0 25:27 0:00 7:13
Luke Schenn 0 0 0 0 2 0 1 1 0 0 0/0 3:00 0:00 0:00
Nathan Horton 0 0 0 0 2 0 0 0 2 0 1/4 18:43 0:00 2:45
Paul Ranger 0 1 1 0 0 0 0 1 0 1 0/0 11:52 0:00 0:00
Peter Forsberg 0 2 2 0 0 2 2 0 0 2 14/33 26:38 0:00 6:54
Raffi Torres 0 0 0 0 0 0 0 2 0 0 0/1 6:16 0:00 0:19
Ryan Kesler 2 0 2 2 0 4 2 0 2 1 2/7 21:35 0:00 7:06
Sean Zimmerman 0 0 0 2 0 1 0 2 0 0 0/0 19:40 0:00 4:13
Simon Gagné 1 0 1 0 0 1 1 1 0 1 0/1 19:00 0:00 3:11
Steve Sullivan 0 0 0 0 0 0 3 0 0 1 0/1 12:49 0:00 0:00
Steven Stamkos 1 0 1 0 0 2 0 0 0 0 1/3 5:57 0:00 0:00
Players Stats for Bruins
Player Name G A P +/- PIM S H SB GA TA FO MP PP MP PK MP
------------------------------------------------------------------------------------
Andrei Markov 0 0 0 -1 0 3 2 0 0 0 0/0 21:09 3:48 0:00
Andrew Alberts 0 1 1 0 0 2 2 0 1 1 0/0 27:31 7:38 0:00
Brian Rafalski 0 0 0 -1 0 0 1 0 0 0 0/0 11:20 0:00 0:00
Dainius Zubrus 0 0 0 0 0 0 2 2 0 0 0/0 10:39 0:04 0:00
Dave Bolland 0 0 0 0 0 1 1 0 0 0 3/6 10:22 0:00 0:00
Eric Lindros 0 1 1 0 0 4 1 1 1 0 19/31 22:53 6:51 0:00
Jason Demers 0 0 0 -1 0 0 1 2 0 2 0/0 11:20 0:00 0:00
Mark Stuart 0 0 0 -1 0 0 0 3 0 0 0/0 21:09 3:48 0:00
Martin Erat 0 0 0 -1 0 1 2 0 1 0 0/0 9:58 0:00 0:00
Matt Cooke 0 1 1 -1 0 3 0 0 0 0 0/0 10:15 0:04 0:00
Matt Hendricks 1 0 1 -1 0 3 0 0 0 0 2/7 9:58 0:00 0:00
Ryan O'Byrne 0 1 1 0 0 4 0 0 1 1 0/0 27:31 7:38 0:00
Scottie Upshall 0 0 0 0 0 2 1 0 1 0 2/2 14:56 4:31 0:00
Sydney Crosby 0 0 0 -1 0 1 1 0 3 0 7/9 16:30 4:31 0:00
Victor Oreskovich 1 0 1 -1 0 4 2 0 1 0 2/3 19:37 6:51 0:00
Viktor Stalberg 0 0 0 -1 0 1 1 1 1 0 0/0 12:13 0:04 0:00
Vitali Yachmenev 0 0 0 0 0 1 3 0 0 0 2/2 19:46 4:31 0:00
Wojtek Wolski 1 0 1 0 0 4 0 1 2 1 1/3 22:53 6:51 0:00
3 Stars
1 - Ryan Kesler (Pit)
2 - Peter Forsberg (Pit)
3 - Simon Gagné (Pit)
Power Play
Penguins - 0 on 0 Attempt(s) - 0,00%
Bruins - 1 on 6 Attempt(s) - 16,67%
Penalty Kill
Penguins - 5 on 6 Attempt(s) - 83,33%
- Score 0 goal in Penalty Kill
Bruins - 0 on 0 Attempt(s) - 0,00%
- Score 0 goal in Penalty Kill
Team Stat
Penguins - Hits : 15 - Faceoff Wins : 25 - Blocked Shots : 19 - Penalty Minutes : 12
Bruins - Hits : 20 - Faceoff Wins : 38 - Blocked Shots : 10 - Penalty Minutes : 0
Official
Referees : StLaurent Francois and Martell Rob
Linesman : Tim Nowak and Steve Miller
Game Notes
0:23 of 3rd period - Bruins goal is going for a video replay. After video review, No Goal. The referee deems the play has been stopped, even if he had not physically had the opportunity to stop play by blowing his whistle.
Finance
Level 1 -- Attendance: 3912 (65,20%) -- Ticket Income 387 288 $
Level 2 -- Attendance: 3799 (75,98%) -- Ticket Income 224 141 $
Level 3 -- Attendance: 2000 (100,00%) -- Ticket Income 58 000 $
Level 4 -- Attendance: 3624 (90,60%) -- Ticket Income 68 856 $
Luxury Box -- Attendance: 784 (78,40%) -- Ticket Income 148 176 $
Game was played at the TD Banknorth Garden'
Total Attendance: 14119 (78,44%)
Total Ticket Income: 886 461 $
Other Income: 132 969 $
Total Income: 1 019 430 $
Penguins
5 vs 5 Forward
Center Left Wing Right Wing Time % Phy DF OF
1 Peter Forsberg Simon Gagné Nathan Horton 40 1 2 2
2 Ryan Kesler Dustin Penner Bobby Ryan 30 1 2 2
3 Denis Arkhipov Steve Sullivan Brian McGrattan 20 1 2 2
4 Steven Stamkos Raffi Torres Peter Forsberg 10 1 2 2
5 vs 5 Defense
Defense Defense Time % Phy DF OF
1 Brooks Orpik Jay McKee 40 1 2 2
2 Brent Sopel Sean Zimmerman 30 1 2 2
3 Paul Ranger Dennis Seidenberg 20 1 2 2
4 Luke Schenn Brooks Orpik 10 1 2 2
PowerPlay Forward
Center Left Wing Right Wing Time % Phy DF OF
1 Peter Forsberg Simon Gagné Nathan Horton 60 1 2 2
2 Ryan Kesler Dustin Penner Bobby Ryan 40 1 2 2
PowerPlay Defense
Defense Defense Time % Phy DF OF
1 Brooks Orpik Jay McKee 60 1 2 2
2 Brent Sopel Sean Zimmerman 40 1 2 2
Penalty Kill 4 Players Forward
Center Wing Time % Phy DF OF
1 Peter Forsberg Ryan Kesler 60 1 2 2
2 Simon Gagné Nathan Horton 40 1 2 2
Penalty Kill 4 Players Defense
Defense Defense Time % Phy DF OF
1 Brooks Orpik Jay McKee 60 1 2 2
2 Brent Sopel Sean Zimmerman 40 1 2 2
Penalty Kill - 3 Players Forward
Forward Time % Phy DF OF
1 Peter Forsberg 60 1 2 2
2 Ryan Kesler 40 1 2 2
Penalty Kill - 3 Players Defense
Defense Defense Time % Phy DF OF
1 Brooks Orpik Jay McKee 60 1 2 2
2 Brent Sopel Sean Zimmerman 40 1 2 2
4 vs 4 Forward
Center Wing Time % Phy DF OF
1 Peter Forsberg Ryan Kesler 60 1 2 2
2 Simon Gagné Nathan Horton 40 1 2 2
4 vs 4 Defense
Defense Defense Time % Phy DF OF
1 Brooks Orpik Jay McKee 60 1 2 2
2 Brent Sopel Sean Zimmerman 40 1 2 2
Last Minutes Offensive
Center Left Wing Right Wing Defense Defense
Peter Forsberg Simon Gagné Nathan Horton Brooks Orpik Jay McKee
Last Minutes Defensive
Center Left Wing Right Wing Defense Defense
Peter Forsberg Simon Gagné Nathan Horton Brooks Orpik Jay McKee
Goaltenders
Starting : Brian Elliott
Backup : Josh Tordjman
Extra Forwards
Normal : Steve Sullivan, Denis Arkhipov, Brian McGrattan - PP : Steve Sullivan, Denis Arkhipov - PK : Brian McGrattan
Extra Defensemen
Normal : Paul Ranger, Dennis Seidenberg, Luke Schenn - PP : Paul Ranger - PK : Dennis Seidenberg, Luke Schenn
Penalty Shots
Peter Forsberg, Ryan Kesler, Simon Gagné, Nathan Horton, Dustin Penner
Bruins
5 vs 5 Forward
Center Left Wing Right Wing Time % Phy DF OF
1 Eric Lindros Wojtek Wolski Vitali Yachmenev 40 1 2 2
2 Sydney Crosby Viktor Stalberg Victor Oreskovich 30 1 2 2
3 Dave Bolland Scottie Upshall Dainius Zubrus 20 1 2 2
4 Matt Hendricks Matt Cooke Martin Erat 10 1 2 2
5 vs 5 Defense
Defense Defense Time % Phy DF OF
1 Andrew Alberts Ryan O'Byrne 40 1 2 2
2 Andrei Markov Mark Stuart 30 1 2 2
3 Brian Rafalski Jason Demers 20 1 2 2
4 Andrew Alberts Ryan O'Byrne 10 1 2 2
PowerPlay Forward
Center Left Wing Right Wing Time % Phy DF OF
1 Eric Lindros Wojtek Wolski Victor Oreskovich 60 1 2 2
2 Sydney Crosby Scottie Upshall Vitali Yachmenev 40 1 2 2
PowerPlay Defense
Defense Defense Time % Phy DF OF
1 Andrew Alberts Ryan O'Byrne 60 1 2 2
2 Andrei Markov Mark Stuart 40 1 2 2
Penalty Kill 4 Players Forward
Center Wing Time % Phy DF OF
1 Wojtek Wolski Eric Lindros 60 1 2 2
2 Sydney Crosby Scottie Upshall 40 1 2 2
Penalty Kill 4 Players Defense
Defense Defense Time % Phy DF OF
1 Andrew Alberts Ryan O'Byrne 60 1 2 2
2 Andrei Markov Mark Stuart 40 1 2 2
Penalty Kill - 3 Players Forward
Forward Time % Phy DF OF
1 Wojtek Wolski 60 1 2 2
2 Eric Lindros 40 1 2 2
Penalty Kill - 3 Players Defense
Defense Defense Time % Phy DF OF
1 Andrew Alberts Ryan O'Byrne 60 1 2 2
2 Andrei Markov Mark Stuart 40 1 2 2
4 vs 4 Forward
Center Wing Time % Phy DF OF
1 Wojtek Wolski Eric Lindros 60 1 2 2
2 Sydney Crosby Scottie Upshall 40 1 2 2
4 vs 4 Defense
Defense Defense Time % Phy DF OF
1 Andrew Alberts Ryan O'Byrne 60 1 2 2
2 Andrei Markov Mark Stuart 40 1 2 2
Last Minutes Offensive
Center Left Wing Right Wing Defense Defense
Eric Lindros Wojtek Wolski Victor Oreskovich Andrew Alberts Ryan O'Byrne
Last Minutes Defensive
Center Left Wing Right Wing Defense Defense
Eric Lindros Wojtek Wolski Victor Oreskovich Andrew Alberts Ryan O'Byrne
Goaltenders
Starting : Karri Ramo
Backup : Nikolai Khabibulin
Extra Forwards
Normal : Matt Cooke, Viktor Stalberg, Dainius Zubrus - PP : Matt Cooke, Viktor Stalberg - PK : Dainius Zubrus
Extra Defensemen
Normal : Brian Rafalski, Jason Demers, Andrei Markov - PP : Brian Rafalski - PK : Jason Demers, Andrei Markov
Penalty Shots
Wojtek Wolski, Eric Lindros, Sydney Crosby, Scottie Upshall, Matt Cooke
% Time on Ice - Penguins
Lines # - Real PCT - Wanted PCT - Time Play
Normal Forward
1 - 32% - 40% - 15:23
2 - 31% - 30% - 14:49
3 - 25% - 20% - 11:47
4 - 12% - 10% - 5:57
Normal Defense
1 - 37% - 40% - 17:36
2 - 32% - 30% - 15:27
3 - 25% - 20% - 11:52
4 - 6% - 10% - 3:01
PP Forward
1 - 0% - 60%
2 - 0% - 40%
PP Defense
1 - 0% - 60%
2 - 0% - 40%
PK Forward
1 - 72% - 60% - 8:15
2 - 28% - 40% - 3:11
PK Defense
1 - 63% - 60% - 7:13
2 - 37% - 40% - 4:13
PK3 Forward
1 - 0% - 60%
2 - 0% - 40%
PK3 Defense
1 - 0% - 60%
2 - 0% - 40%
44 Forward
1 - 0% - 60%
2 - 0% - 40%
44 Defense
1 - 0% - 60%
2 - 0% - 40%
Last Minute Offensive - 0:00
Last Minute Defensive - 0:38
Total
Forward - 60:00
Defense - 60:00
|
% Time on Ice - Bruins
Lines # - Real PCT - Wanted PCT - Time Play
Normal Forward
1 - 33% - 40% - 15:37
2 - 25% - 30% - 11:59
3 - 22% - 20% - 10:22
4 - 21% - 10% - 9:58
Normal Defense
1 - 36% - 40% - 17:15
2 - 36% - 30% - 17:21
3 - 24% - 20% - 11:20
4 - 4% - 10% - 2:00
PP Forward
1 - 60% - 60% - 6:55
2 - 40% - 40% - 4:31
PP Defense
1 - 67% - 60% - 7:38
2 - 33% - 40% - 3:48
PK Forward
1 - 0% - 60%
2 - 0% - 40%
PK Defense
1 - 0% - 60%
2 - 0% - 40%
PK3 Forward
1 - 0% - 60%
2 - 0% - 40%
PK3 Defense
1 - 0% - 60%
2 - 0% - 40%
44 Forward
1 - 0% - 60%
2 - 0% - 40%
44 Defense
1 - 0% - 60%
2 - 0% - 40%
Last Minute Offensive - 0:38
Last Minute Defensive - 0:00
Total
Forward - 60:00
Defense - 60:00
|
Play by Play
1st period
0:01 of 1st period - Peter Forsberg wins face-off versus Wojtek Wolski in neutral zone.
0:17 of 1st period - Off-side.
0:18 of 1st period - Sydney Crosby wins face-off versus Dustin Penner in neutral zone.
1:56 of 1st period - Jay McKee is hit by Andrei Markov and loses puck.
2:18 of 1st period - Off-side.
2:19 of 1st period - Eric Lindros wins face-off versus Peter Forsberg in neutral zone.
3:29 of 1st period - Snap shot by Ryan Kesler.
3:29 of 1st period - Stopped by Karri Ramo with a rebound.
3:39 of 1st period - Nathan Horton is hit by Dainius Zubrus.
4:07 of 1st period - Icing by Denis Arkhipov.
4:08 of 1st period - Denis Arkhipov wins face-off versus Sydney Crosby in Penguins zone.
4:19 of 1st period - Wrist shot by Peter Forsberg.
4:19 of 1st period - Deflect By Simon Gagné.
4:19 of 1st period - Shot Blocked by Mark Stuart.
4:19 of 1st period - Puck is out of play.
4:20 of 1st period - Peter Forsberg wins face-off versus Eric Lindros in Bruins zone.
4:27 of 1st period - Slapshot by Simon Gagné.
4:27 of 1st period - Shot Misses the Net.
4:41 of 1st period - Minor Penalty to Luke Schenn for Cross-checking.
4:42 of 1st period - Peter Forsberg wins face-off versus Eric Lindros in Penguins zone.
5:52 of 1st period - Icing by Scottie Upshall.
5:53 of 1st period - Sydney Crosby wins face-off versus Peter Forsberg in Bruins zone.
6:41 of 1st period - Penalty to Luke Schenn is over, Luke Schenn is back on ice.
8:22 of 1st period - Sean Zimmerman is hit by Eric Lindros and loses puck.
9:45 of 1st period - Icing by Sydney Crosby.
9:46 of 1st period - Matt Hendricks wins face-off versus Steve Sullivan in Bruins zone.
9:46 of 1st period - Matt Hendricks is hit by Steve Sullivan.
10:09 of 1st period - Icing by Steve Sullivan.
10:10 of 1st period - Eric Lindros wins face-off versus Ryan Kesler in Penguins zone.
10:25 of 1st period - Slapshot by Ryan Kesler.
10:25 of 1st period - Deflect By Bobby Ryan.
10:25 of 1st period - Stopped by Karri Ramo without a rebound.
10:26 of 1st period - Victor Oreskovich wins face-off versus Peter Forsberg in Bruins zone.
10:41 of 1st period - Slapshot by Peter Forsberg.
10:41 of 1st period - Deflect By Simon Gagné.
10:41 of 1st period - Shot Misses the Net.
10:41 of 1st period - Puck is out of play.
10:42 of 1st period - Eric Lindros wins face-off versus Ryan Kesler in Bruins zone.
11:09 of 1st period - Nathan Horton is hit by Victor Oreskovich and loses puck.
11:52 of 1st period - Ryan Kesler is hit by Martin Erat and loses puck.
13:12 of 1st period - Brian Rafalski is hit by Brian McGrattan and loses puck.
13:25 of 1st period - Slapshot by Eric Lindros.
13:25 of 1st period - Shot Blocked by Brooks Orpik.
13:45 of 1st period - Bobby Ryan is hit by Victor Oreskovich and loses puck.
13:52 of 1st period - Slapshot by Brooks Orpik.
13:52 of 1st period - Stopped by Karri Ramo with a rebound.
14:15 of 1st period - Scottie Upshall is hit by Steve Sullivan and loses puck.
14:31 of 1st period - Icing by Jay McKee.
14:32 of 1st period - Denis Arkhipov wins face-off versus Eric Lindros in Penguins zone.
14:45 of 1st period - Snap shot by Eric Lindros.
14:45 of 1st period - Deflect By Wojtek Wolski.
14:45 of 1st period - Shot Misses the Net.
14:45 of 1st period - Puck is out of play.
14:46 of 1st period - Eric Lindros wins face-off versus Peter Forsberg in Penguins zone.
14:47 of 1st period - Slapshot by Wojtek Wolski.
14:47 of 1st period - Shot Misses the Net.
14:49 of 1st period - Slapshot by Ryan O'Byrne.
14:49 of 1st period - Stopped by Brian Elliott with a rebound.
14:51 of 1st period - Wrist shot by Eric Lindros.
14:51 of 1st period - Stopped by Brian Elliott without a rebound.
14:52 of 1st period - Peter Forsberg wins face-off versus Eric Lindros in Penguins zone.
14:56 of 1st period - Icing by Peter Forsberg.
14:57 of 1st period - Vitali Yachmenev wins face-off versus Peter Forsberg in Penguins zone.
15:53 of 1st period - Brian McGrattan is hit by Dave Bolland and loses puck.
16:15 of 1st period - Slapshot by Matt Cooke.
16:15 of 1st period - Shot Blocked by Dennis Seidenberg.
16:17 of 1st period - Wrist shot by Matt Hendricks.
16:17 of 1st period - Shot Blocked by Raffi Torres.
16:19 of 1st period - Slapshot by Andrew Alberts.
16:19 of 1st period - Shot Blocked by Raffi Torres.
16:21 of 1st period - Slapshot by Andrew Alberts.
16:21 of 1st period - Deflect By Matt Hendricks.
16:21 of 1st period - Goal by Matt Hendricks - Penguins : 0 - Bruins : 1.
16:22 of 1st period - Eric Lindros wins face-off versus Peter Forsberg in neutral zone.
16:27 of 1st period - Slapshot by Eric Lindros.
16:27 of 1st period - Shot Misses the Net.
16:53 of 1st period - Snap shot by Viktor Stalberg.
16:53 of 1st period - Deflect By Victor Oreskovich.
16:53 of 1st period - Stopped by Brian Elliott without a rebound.
16:54 of 1st period - Ryan Kesler wins face-off versus Eric Lindros in Penguins zone.
17:01 of 1st period - Slapshot by Ryan Kesler.
17:01 of 1st period - Shot Blocked by Mark Stuart.
17:03 of 1st period - Snap shot by Ryan Kesler.
17:03 of 1st period - Shot Misses the Net.
17:05 of 1st period - Snap shot by Sean Zimmerman.
17:05 of 1st period - Stopped by Karri Ramo with a rebound.
17:07 of 1st period - Wrist shot by Ryan Kesler.
17:07 of 1st period - Stopped by Karri Ramo without a rebound.
17:08 of 1st period - Peter Forsberg wins face-off versus Eric Lindros in Bruins zone.
17:13 of 1st period - Wrist shot by Peter Forsberg.
17:13 of 1st period - Shot Misses the Net.
17:15 of 1st period - Snap shot by Nathan Horton.
17:15 of 1st period - Shot Misses the Net.
17:33 of 1st period - Dustin Penner is hit by Sydney Crosby and loses puck.
18:05 of 1st period - Off-side.
18:06 of 1st period - Eric Lindros wins face-off versus Steven Stamkos in neutral zone.
18:31 of 1st period - Dennis Seidenberg is hit by Andrew Alberts and loses puck.
18:50 of 1st period - Slapshot by Brian McGrattan.
18:50 of 1st period - Shot Blocked by Dainius Zubrus.
18:52 of 1st period - Snap shot by Brian McGrattan.
18:52 of 1st period - Shot Misses the Net.
19:49 of 1st period - Wrist shot by Viktor Stalberg.
19:49 of 1st period - Stopped by Brian Elliott without a rebound.
19:50 of 1st period - Sydney Crosby wins face-off versus Denis Arkhipov in Penguins zone.
19:57 of 1st period - Wrist shot by Viktor Stalberg.
19:57 of 1st period - Shot Misses the Net.
Goals for this period are 0 for Penguins vs 1 for Bruins.
Shots for this period are 5 for Penguins vs 5 for Bruins.
2nd period
0:01 of 2nd period - Peter Forsberg wins face-off versus Eric Lindros in neutral zone.
0:06 of 2nd period - Slapshot by Jay McKee.
0:06 of 2nd period - Stopped by Karri Ramo with a rebound.
0:33 of 2nd period - Dustin Penner is hit by Andrei Markov and loses puck.
1:15 of 2nd period - Slapshot by Matt Cooke.
1:15 of 2nd period - Shot Misses the Net.
1:50 of 2nd period - Victor Oreskovich is hit by Brooks Orpik and loses puck.
2:10 of 2nd period - Slapshot by Matt Cooke.
2:10 of 2nd period - Shot Misses the Net.
2:12 of 2nd period - Snap shot by Jason Demers.
2:12 of 2nd period - Shot Blocked by Luke Schenn.
2:14 of 2nd period - Wrist shot by Matt Cooke.
2:14 of 2nd period - Stopped by Brian Elliott without a rebound.
2:15 of 2nd period - Peter Forsberg wins face-off versus Matt Hendricks in Penguins zone.
2:26 of 2nd period - Snap shot by Nathan Horton.
2:26 of 2nd period - Shot Blocked by Jason Demers.
2:36 of 2nd period - Slapshot by Ryan Kesler.
2:36 of 2nd period - Shot Blocked by Jason Demers.
3:03 of 2nd period - Matt Hendricks is hit by Peter Forsberg.
3:16 of 2nd period - Backhand shot by Matt Cooke.
3:16 of 2nd period - Shot Blocked by Dennis Seidenberg.
3:18 of 2nd period - Snap shot by Matt Hendricks.
3:18 of 2nd period - Stopped by Brian Elliott without a rebound.
3:19 of 2nd period - Denis Arkhipov wins face-off versus Eric Lindros in Penguins zone.
3:19 of 2nd period - Denis Arkhipov is hit by Andrew Alberts.
3:27 of 2nd period - Snap shot by Wojtek Wolski.
3:27 of 2nd period - Shot Misses the Net.
4:13 of 2nd period - Snap shot by Dave Bolland.
4:13 of 2nd period - Shot Blocked by Jay McKee.
4:23 of 2nd period - Andrei Markov is hit by Dustin Penner.
4:41 of 2nd period - Snap shot by Simon Gagné.
4:41 of 2nd period - Deflect By Wojtek Wolski.
4:41 of 2nd period - Shot Misses the Net.
4:41 of 2nd period - Puck is out of play.
4:42 of 2nd period - Sydney Crosby wins face-off versus Peter Forsberg in Bruins zone.
4:47 of 2nd period - Snap shot by Sydney Crosby.
4:47 of 2nd period - Shot Blocked by Sean Zimmerman.
5:28 of 2nd period - Icing by Dainius Zubrus.
5:29 of 2nd period - Steven Stamkos wins face-off versus Matt Hendricks in Bruins zone.
5:32 of 2nd period - Slapshot by Peter Forsberg.
5:32 of 2nd period - Stopped by Karri Ramo with a rebound.
5:38 of 2nd period - Snap shot by Steven Stamkos.
5:38 of 2nd period - Goal by Steven Stamkos - Penguins : 1 - Bruins : 1.
5:39 of 2nd period - Peter Forsberg wins face-off versus Eric Lindros in neutral zone.
6:12 of 2nd period - Wrist shot by Denis Arkhipov.
6:12 of 2nd period - Stopped by Karri Ramo without a rebound.
6:13 of 2nd period - Sydney Crosby wins face-off versus Nathan Horton in Bruins zone.
6:39 of 2nd period - Jay McKee is hit by Dainius Zubrus and loses puck.
7:05 of 2nd period - Slapshot by Wojtek Wolski.
7:05 of 2nd period - Stopped by Brian Elliott without a rebound.
7:06 of 2nd period - Eric Lindros wins face-off versus Simon Gagné in Penguins zone.
7:07 of 2nd period - Wrist shot by Wojtek Wolski.
7:07 of 2nd period - Deflect By Eric Lindros.
7:07 of 2nd period - Shot Misses the Net.
7:07 of 2nd period - Puck is out of play.
7:08 of 2nd period - Peter Forsberg wins face-off versus Wojtek Wolski in Penguins zone.
7:15 of 2nd period - Snap shot by Peter Forsberg.
7:15 of 2nd period - Shot Misses the Net.
7:39 of 2nd period - Snap shot by Ryan Kesler.
7:39 of 2nd period - Shot Blocked by Viktor Stalberg.
7:41 of 2nd period - Wrist shot by Dustin Penner.
7:41 of 2nd period - Stopped by Karri Ramo without a rebound.
7:42 of 2nd period - Eric Lindros wins face-off versus Ryan Kesler in Bruins zone.
7:57 of 2nd period - Slapshot by Dustin Penner.
7:57 of 2nd period - Shot Blocked by Wojtek Wolski.
8:07 of 2nd period - Brent Sopel is hit by Viktor Stalberg and loses puck.
8:24 of 2nd period - Icing by Victor Oreskovich.
8:25 of 2nd period - Denis Arkhipov wins face-off versus Sydney Crosby in Bruins zone.
8:32 of 2nd period - Wrist shot by Dustin Penner.
8:32 of 2nd period - Stopped by Karri Ramo with a rebound.
8:40 of 2nd period - Snap shot by Dustin Penner.
8:40 of 2nd period - Stopped by Karri Ramo with a rebound.
9:12 of 2nd period - Dainius Zubrus is hit by Steve Sullivan and loses puck.
9:31 of 2nd period - Ryan Kesler is hit by Martin Erat and loses puck.
9:40 of 2nd period - Snap shot by Martin Erat.
9:40 of 2nd period - Shot Misses the Net.
9:42 of 2nd period - Slapshot by Andrei Markov.
9:42 of 2nd period - Deflect By Ryan Kesler.
9:42 of 2nd period - Stopped by Brian Elliott with a rebound.
10:06 of 2nd period - Paul Ranger is hit by Vitali Yachmenev.
10:18 of 2nd period - Snap shot by Viktor Stalberg.
10:18 of 2nd period - Shot Blocked by Jay McKee.
10:37 of 2nd period - Off-side.
10:38 of 2nd period - Dave Bolland wins face-off versus Ryan Kesler in neutral zone.
10:59 of 2nd period - Slapshot by Dave Bolland.
10:59 of 2nd period - Shot Blocked by Brent Sopel.
12:15 of 2nd period - Snap shot by Dustin Penner.
12:15 of 2nd period - Stopped by Karri Ramo without a rebound.
12:16 of 2nd period - Vitali Yachmenev wins face-off versus Ryan Kesler in Bruins zone.
13:31 of 2nd period - Snap shot by Matt Cooke.
13:31 of 2nd period - Shot Misses the Net.
13:43 of 2nd period - Snap shot by Steven Stamkos.
13:43 of 2nd period - Stopped by Karri Ramo without a rebound.
13:44 of 2nd period - Eric Lindros wins face-off versus Steven Stamkos in Bruins zone.
14:11 of 2nd period - Wrist shot by Victor Oreskovich.
14:11 of 2nd period - Shot Misses the Net.
14:30 of 2nd period - Off-side.
14:31 of 2nd period - Dave Bolland wins face-off versus Denis Arkhipov in neutral zone.
14:58 of 2nd period - Snap shot by Simon Gagné.
14:58 of 2nd period - Goal by Simon Gagné - Penguins : 2 - Bruins : 1.
14:59 of 2nd period - Eric Lindros wins face-off versus Peter Forsberg in neutral zone.
15:02 of 2nd period - Snap shot by Wojtek Wolski.
15:02 of 2nd period - Shot Blocked by Simon Gagné.
15:04 of 2nd period - Snap shot by Vitali Yachmenev.
15:04 of 2nd period - Stopped by Brian Elliott with a rebound.
15:06 of 2nd period - Wrist shot by Eric Lindros.
15:06 of 2nd period - Shot Misses the Net.
15:08 of 2nd period - Wrist shot by Wojtek Wolski.
15:08 of 2nd period - Shot Misses the Net.
15:10 of 2nd period - Snap shot by Ryan O'Byrne.
15:10 of 2nd period - Stopped by Brian Elliott with a rebound.
15:12 of 2nd period - Snap shot by Wojtek Wolski.
15:12 of 2nd period - Shot Misses the Net.
15:14 of 2nd period - Snap shot by Wojtek Wolski.
15:14 of 2nd period - Shot Blocked by Brooks Orpik.
15:26 of 2nd period - Icing by Peter Forsberg.
15:27 of 2nd period - Nathan Horton wins face-off versus Dave Bolland in Penguins zone.
15:55 of 2nd period - Minor Penalty to Nathan Horton for Hooking.
15:56 of 2nd period - Eric Lindros wins face-off versus Peter Forsberg in Penguins zone.
16:23 of 2nd period - Wrist shot by Scottie Upshall.
16:23 of 2nd period - Stopped by Brian Elliott without a rebound.
16:24 of 2nd period - Scottie Upshall wins face-off versus Brian McGrattan in Penguins zone.
16:54 of 2nd period - Victor Oreskovich is hit by Brian McGrattan and loses puck.
17:33 of 2nd period - Wrist shot by Simon Gagné.
17:33 of 2nd period - Shot Misses the Net.
17:35 of 2nd period - Snap shot by Dustin Penner.
17:35 of 2nd period - Shot Blocked by Mark Stuart.
17:42 of 2nd period - Icing by Andrei Markov.
17:43 of 2nd period - Denis Arkhipov wins face-off versus Eric Lindros in Bruins zone.
17:55 of 2nd period - Penalty to Nathan Horton is over, Nathan Horton is back on ice.
17:58 of 2nd period - Wrist shot by Matt Cooke.
17:58 of 2nd period - Stopped by Brian Elliott with a rebound.
18:00 of 2nd period - Slapshot by Andrew Alberts.
18:00 of 2nd period - Shot Blocked by Denis Arkhipov.
18:02 of 2nd period - Wrist shot by Matt Hendricks.
18:02 of 2nd period - Shot Misses the Net.
18:04 of 2nd period - Slapshot by Ryan O'Byrne.
18:04 of 2nd period - Stopped by Brian Elliott without a rebound.
18:05 of 2nd period - Peter Forsberg wins face-off versus Matt Hendricks in Penguins zone.
18:20 of 2nd period - Slapshot by Martin Erat.
18:20 of 2nd period - Stopped by Brian Elliott with a rebound.
19:06 of 2nd period - Minor Penalty to Dustin Penner for Tripping.
19:07 of 2nd period - Eric Lindros wins face-off versus Peter Forsberg in Penguins zone.
19:09 of 2nd period - Slapshot by Wojtek Wolski.
19:09 of 2nd period - Shot Blocked by Jay McKee.
19:44 of 2nd period - Nathan Horton is hit by Vitali Yachmenev and loses puck.
Goals for this period are 2 for Penguins vs 0 for Bruins.
Shots for this period are 10 for Penguins vs 10 for Bruins.
3rd period
0:01 of 3rd period - Peter Forsberg wins face-off versus Victor Oreskovich in neutral zone.
0:12 of 3rd period - Wrist shot by Peter Forsberg.
0:12 of 3rd period - Shot Blocked by Eric Lindros.
0:14 of 3rd period - Slapshot by Jay McKee.
0:14 of 3rd period - Stopped by Karri Ramo without a rebound.
0:15 of 3rd period - Eric Lindros wins face-off versus Peter Forsberg in Bruins zone.
0:15 of 3rd period - Eric Lindros is hit by Peter Forsberg.
0:21 of 3rd period - Snap shot by Victor Oreskovich.
0:21 of 3rd period - Stopped by Brian Elliott with a rebound.
0:23 of 3rd period - Wrist shot by Victor Oreskovich.
0:23 of 3rd period - Bruins goal is going for a video replay.
0:23 of 3rd period - The goal is refused. The referee deems the play has been stopped, even if he had not physically had the opportunity to stop play by blowing his whistle..
0:24 of 3rd period - Ryan Kesler wins face-off versus Eric Lindros in Penguins zone.
0:41 of 3rd period - Snap shot by Eric Lindros.
0:41 of 3rd period - Stopped by Brian Elliott with a rebound.
0:53 of 3rd period - Snap shot by Wojtek Wolski.
0:53 of 3rd period - Stopped by Brian Elliott with a rebound.
0:55 of 3rd period - Snap shot by Eric Lindros.
0:55 of 3rd period - Shot Misses the Net.
0:57 of 3rd period - Slapshot by Andrew Alberts.
0:57 of 3rd period - Shot Blocked by Brooks Orpik.
0:59 of 3rd period - Slapshot by Wojtek Wolski.
0:59 of 3rd period - Shot Misses the Net.
1:01 of 3rd period - Slapshot by Ryan O'Byrne.
1:01 of 3rd period - Shot Blocked by Jay McKee.
1:03 of 3rd period - Wrist shot by Eric Lindros.
1:03 of 3rd period - Shot Blocked by Brooks Orpik.
1:06 of 3rd period - Penalty to Dustin Penner is over, Dustin Penner is back on ice.
1:09 of 3rd period - Backhand shot by Wojtek Wolski.
1:09 of 3rd period - Stopped by Brian Elliott with a rebound.
1:11 of 3rd period - Snap shot by Andrew Alberts.
1:11 of 3rd period - Stopped by Brian Elliott without a rebound.
1:12 of 3rd period - Scottie Upshall wins face-off versus Denis Arkhipov in Penguins zone.
1:13 of 3rd period - Wrist shot by Dainius Zubrus.
1:13 of 3rd period - Shot Misses the Net.
1:15 of 3rd period - Wrist shot by Dave Bolland.
1:15 of 3rd period - Stopped by Brian Elliott without a rebound.
1:16 of 3rd period - Dave Bolland wins face-off versus Denis Arkhipov in Penguins zone.
1:17 of 3rd period - Slapshot by Scottie Upshall.
1:17 of 3rd period - Stopped by Brian Elliott without a rebound.
1:18 of 3rd period - Denis Arkhipov wins face-off versus Dave Bolland in Penguins zone.
2:58 of 3rd period - Snap shot by Scottie Upshall.
2:58 of 3rd period - Shot Misses the Net.
3:00 of 3rd period - Slapshot by Andrei Markov.
3:00 of 3rd period - Stopped by Brian Elliott with a rebound.
3:16 of 3rd period - Snap shot by Sydney Crosby.
3:16 of 3rd period - Shot Misses the Net.
3:41 of 3rd period - Snap shot by Wojtek Wolski.
3:41 of 3rd period - Deflect By Eric Lindros.
3:41 of 3rd period - Stopped by Brian Elliott with a rebound.
3:51 of 3rd period - Slapshot by Brian McGrattan.
3:51 of 3rd period - Stopped by Karri Ramo with a rebound.
3:53 of 3rd period - Slapshot by Denis Arkhipov.
3:53 of 3rd period - Stopped by Karri Ramo with a rebound.
3:55 of 3rd period - Slapshot by Dennis Seidenberg.
3:55 of 3rd period - Stopped by Karri Ramo with a rebound.
4:13 of 3rd period - Slapshot by Matt Cooke.
4:13 of 3rd period - Shot Blocked by Sean Zimmerman.
4:19 of 3rd period - Bobby Ryan is hit by Jason Demers.
4:23 of 3rd period - Martin Erat is hit by Ryan Kesler and loses puck.
4:36 of 3rd period - Wrist shot by Ryan Kesler.
4:36 of 3rd period - Goal by Ryan Kesler - Penguins : 3 - Bruins : 1.
4:37 of 3rd period - Peter Forsberg wins face-off versus Eric Lindros in neutral zone.
4:39 of 3rd period - Off-side.
4:40 of 3rd period - Eric Lindros wins face-off versus Peter Forsberg in neutral zone.
4:45 of 3rd period - Wrist shot by Vitali Yachmenev.
4:45 of 3rd period - Shot Misses the Net.
4:52 of 3rd period - Off-side.
4:53 of 3rd period - Eric Lindros wins face-off versus Nathan Horton in neutral zone.
5:25 of 3rd period - Victor Oreskovich is hit by Ryan Kesler and loses puck.
5:31 of 3rd period - Minor Penalty to Dustin Penner for Hooking.
5:32 of 3rd period - Wojtek Wolski wins face-off versus Peter Forsberg in Penguins zone.
5:57 of 3rd period - Brooks Orpik is hit by Scottie Upshall and loses puck.
6:04 of 3rd period - Wrist shot by Sydney Crosby.
6:04 of 3rd period - Stopped by Brian Elliott with a rebound.
7:31 of 3rd period - Penalty to Dustin Penner is over, Dustin Penner is back on ice.
7:43 of 3rd period - Wrist shot by Matt Cooke.
7:43 of 3rd period - Stopped by Brian Elliott without a rebound.
7:44 of 3rd period - Denis Arkhipov wins face-off versus Matt Hendricks in Penguins zone.
7:44 of 3rd period - Denis Arkhipov is hit by Brian Rafalski.
7:54 of 3rd period - Backhand shot by Martin Erat.
7:54 of 3rd period - Shot Misses the Net.
7:56 of 3rd period - Snap shot by Jason Demers.
7:56 of 3rd period - Shot Misses the Net.
8:04 of 3rd period - Minor Penalty to Brian McGrattan for Hooking.
8:05 of 3rd period - Eric Lindros wins face-off versus Peter Forsberg in Penguins zone.
9:27 of 3rd period - Vitali Yachmenev is hit by Simon Gagné and loses puck.
9:56 of 3rd period - Andrei Markov is hit by Jay McKee and loses puck.
10:03 of 3rd period - Wojtek Wolski is hit by Brooks Orpik and loses puck.
10:04 of 3rd period - Penalty to Brian McGrattan is over, Brian McGrattan is back on ice.
10:59 of 3rd period - Icing by Matt Cooke.
11:00 of 3rd period - Matt Hendricks wins face-off versus Raffi Torres in Bruins zone.
11:29 of 3rd period - Snap shot by Ryan Kesler.
11:29 of 3rd period - Goal by Ryan Kesler - Penguins : 4 - Bruins : 1.
11:30 of 3rd period - Eric Lindros wins face-off versus Peter Forsberg in neutral zone.
11:39 of 3rd period - Snap shot by Wojtek Wolski.
11:39 of 3rd period - Shot Misses the Net.
13:00 of 3rd period - Wrist shot by Peter Forsberg.
13:00 of 3rd period - Stopped by Karri Ramo with a rebound.
13:02 of 3rd period - Wrist shot by Nathan Horton.
13:02 of 3rd period - Shot Misses the Net.
13:04 of 3rd period - Slapshot by Paul Ranger.
13:04 of 3rd period - Shot Blocked by Dainius Zubrus.
13:06 of 3rd period - Snap shot by Nathan Horton.
13:06 of 3rd period - Shot Misses the Net.
13:26 of 3rd period - Wrist shot by Eric Lindros.
13:26 of 3rd period - Shot Blocked by Paul Ranger.
14:22 of 3rd period - Ryan O'Byrne is hit by Luke Schenn and loses puck.
14:42 of 3rd period - Icing by Mark Stuart.
14:43 of 3rd period - Peter Forsberg wins face-off versus Matt Hendricks in Bruins zone.
14:46 of 3rd period - Slapshot by Simon Gagné.
14:46 of 3rd period - Shot Misses the Net.
15:35 of 3rd period - Wrist shot by Matt Hendricks.
15:35 of 3rd period - Stopped by Brian Elliott without a rebound.
15:36 of 3rd period - Eric Lindros wins face-off versus Peter Forsberg in Penguins zone.
15:47 of 3rd period - Snap shot by Wojtek Wolski.
15:47 of 3rd period - Goal by Wojtek Wolski - Penguins : 4 - Bruins : 2.
15:48 of 3rd period - Peter Forsberg wins face-off versus Dave Bolland in neutral zone.
15:53 of 3rd period - Snap shot by Nathan Horton.
15:53 of 3rd period - Shot Misses the Net.
16:13 of 3rd period - Ryan Kesler is hit by Vitali Yachmenev and loses puck.
16:22 of 3rd period - Snap shot by Eric Lindros.
16:22 of 3rd period - Shot Misses the Net.
17:50 of 3rd period - Minor Penalty to Denis Arkhipov for Slashing.
17:51 of 3rd period - Victor Oreskovich wins face-off versus Peter Forsberg in Penguins zone.
18:32 of 3rd period - Snap shot by Eric Lindros.
18:32 of 3rd period - Stopped by Brian Elliott with a rebound.
18:34 of 3rd period - Slapshot by Andrew Alberts.
18:34 of 3rd period - Deflect By Jay McKee.
18:34 of 3rd period - Stopped by Brian Elliott without a rebound.
18:35 of 3rd period - Sydney Crosby wins face-off versus Peter Forsberg in Penguins zone.
18:42 of 3rd period - Wrist shot by Scottie Upshall.
18:42 of 3rd period - Shot Misses the Net.
18:44 of 3rd period - Slapshot by Ryan O'Byrne.
18:44 of 3rd period - Stopped by Brian Elliott with a rebound.
18:46 of 3rd period - Slapshot by Andrei Markov.
18:46 of 3rd period - Stopped by Brian Elliott without a rebound.
18:47 of 3rd period - Sydney Crosby wins face-off versus Peter Forsberg in Penguins zone.
19:21 of 3rd period - Snap shot by Victor Oreskovich.
19:21 of 3rd period - Goal by Victor Oreskovich - Penguins : 4 - Bruins : 3.
19:22 of 3rd period - Eric Lindros wins face-off versus Nathan Horton in neutral zone.
19:47 of 3rd period - Bruins, Karri Ramo is pulled from the net.
19:58 of 3rd period - Wrist shot by Peter Forsberg.
19:58 of 3rd period - Shot Misses the Net.
Goals for this period are 2 for Penguins vs 2 for Bruins.
Shots for this period are 7 for Penguins vs 19 for Bruins.
Output by the SimonT Hockey Simulator (STHS) for François Prévost -- Original Page W3C XHTML 1.0 Valid